 Dungeon Crawl Stone Soup version 0.29.0-4-gdea44cf6ec (webtiles) character file.

Game seed: 5180149471679894523

21 qw the Chopper (level 2, -1/17 HPs)
             Began as a Tengu Warper on Aug 28, 2022.
             Slain by an adder (3 damage)
             ... on level 2 of the Dungeon.
             The game lasted 00:00:04 (1103 turns).

qw the Chopper (Tengu Warper)                       Turns: 1103, Time: 00:00:05

Health: -1/17      AC: 10    Str: 11    XL:     2   Next: 83%
Magic:  6/6        EV:  2    Int: 13    God:
Gold:   35         SH:  0    Dex: 13    Spells: 5/5 levels left

rFire   . . .      SeeInvis .   Y - +0 hand axe
rCold   . . .      Faith    .   (no shield)
rNeg    . . .      Spirit   .   k - +0 plate armour
rPois   .          Reflect  .   (helmet restricted)
rElec   .          Harm     .   (no cloak)
rCorr   .          Rampage  .   (no gloves)
Will    .....                   (boots unavailable)
Stlth   ..........              (no amulet)
HPRegen 0.05/turn               (no ring)
MPRegen 0.10/turn               (no ring)

@: no status effects
A: beak, talons 3
a: no special abilities


You were on level 2 of the Dungeon.
You visited 1 branch of the dungeon, and saw 2 of its levels.

You collected 35 gold pieces.


Innate Abilities, Weirdness & Mutations

You have a beak for a mouth.
You have claws for feet.


   Skills:
 - Level 2.0 Fighting
 + Level 3.6 Axes
 - Level 1.0 Throwing
 - Level 1.1 Armour
 - Level 2.1 Dodging
 - Level 2.0 Spellcasting
 - Level 2.4 Translocations


You had 5 spell levels left.
You didn't know any spells.
Your spell library contained the following spells:

 Spells                   Type           Power      Damage    Failure   Level
 Blink                    Tloc           14%        N/A       100%        2
 Gell's Gravitas          Tloc           7%         N/A       100%        3
 Lesser Beckoning         Tloc           7%         N/A       100%        3
 Teleport Other           Tloc           7%         N/A       100%        3
 Manifold Assault         Tloc           7%         N/A       100%        5

Inventory:

Hand Weapons
 d - a +0 club
 Y - a +0 hand axe (weapon)
Armour
 k - a +0 plate armour (worn)
Scrolls
 a - a scroll of teleportation {unknown}
Potions
 e - a potion of magic {unknown}
 f - a potion of degeneration {unknown}
 g - a potion of might {unknown}
 h - a potion of haste {unknown}
 i - a potion of attraction {unknown}

Dungeon Overview and Level Annotations

Branches:
Dungeon (2/15)

Altars:


Message History

The adder is moderately wounded.
You hit the quokka but do no damage.
You feel sick. The adder bites you but does no damage.
The quokka bites you but does no damage.
You closely miss the adder. You claw the adder.
The adder is severely wounded.
You hit the quokka but do no damage.
You feel sick. The adder bites you but does no damage.
The quokka bites you but does no damage.
The adder bites you but does no damage.
You hit the adder but do no damage.
The adder is severely wounded.
You hit the quokka.
You feel sick.
The quokka bites you but does no damage.
The adder bites you.
The quokka bites you but does no damage.
You closely miss the adder. Your peck misses the adder.
The adder is severely wounded.
You hit the quokka.
You feel sick.
You are no longer poisoned.
The adder bites you but does no damage.
The quokka bites you but does no damage.
The adder bites you but does no damage.
You closely miss the quokka. You peck the quokka.
You kill the quokka!
You barely miss the adder. The adder bites you.
You completely miss the adder.
The adder is severely wounded.
The adder bites you but does no damage. x2
You closely miss the adder. Your kick misses the adder.
The adder is severely wounded.
The adder bites you but does no damage.
You barely miss the adder. Your kick misses the adder.
Your peck misses the adder.
The adder is severely wounded.
The adder bites you but does no damage. The adder bites you.
You die...

## # ## #. #
#)#.#.#.#.#r.#
#..........# #
##S## # #
###.#..@##.#.#
........#......#
#####.#...##.###
#.....<..#
####.##### #.#
#.. ###


You could see an adder.

Vanquished Creatures
  4 endoplasms (D:1)
  4 goblins (D:1)
  2 quokkas
  2 ball pythons (D:1)
  A bat (D:1)
  3 frilled lizards (D:1)
  2 kobolds (D:1)
  A rat (D:1)
19 creatures vanquished.

Notes
Turn   | Place    | Note
-------+----------+-------------------------------------------
     0 | D:1      | qw the Tengu Warper began the quest for the Orb.
     0 | D:1      | Reached XP level 1. HP: 12/12 MP: 4/4
     0 | D:1      | 0 ||| qw: Version: 0.1-a-89-g26bdef1
     0 | D:1      | 0 ||| qw: Game counter: 3397
     0 | D:1      | 0 ||| qw: Always use a shield: true
     0 | D:1      | 0 ||| qw: God list: Okawaru
     0 | D:1      | 0 ||| qw: Allow faded altars: false
     0 | D:1      | 0 ||| qw: Do Orc after D:15 true
     0 | D:1      | 0 ||| qw: Do second Lair branch before Depths: true
     0 | D:1      | 0 ||| qw: Lair rune preference: random
     0 | D:1      | 0 ||| qw: Plans: Normal
     0 | D:1      | 0 ||| PLANNING D:1-11
   201 | D:1      | Reached XP level 2. HP: 17/17 MP: 6/6
   306 | D:1      | Reached skill level 3 in Axes
   431 | D:1      | HP: 4/17 [poisoned by a goblin]
   717 | D:1      | 717 ||| Stepping ~*~*~tactically~*~*~ (stealth).
   766 | D:1      | 766 ||| Stepping ~*~*~tactically~*~*~ (stealth).
   768 | D:1      | 768 ||| Stepping ~*~*~tactically~*~*~ (stealth).
  1027 | D:1      | Found a faded altar of an unknown god.
  1027 | D:1      | Noticed a Brimstone Fiend
  1052 | D:1      | 1052 ||| UPGRADING to +0 plate armour.
  1062 | D:1      | 1062 ||| DROPPING +0 leather armour.
  1063 | D:1      | 1063 ||| READING scroll labelled KEUXOT QIPANY.
  1064 | D:1      | 1064 ||| DROPPING scroll of blinking.
  1091 | D:2      | 1091 ||| Stepping ~*~*~tactically~*~*~ (stealth).
  1099 | D:2      | HP: 4/17 [poisoned by an adder]
  1103 | D:2      | Slain by an adder

Levels and vault maps discovered:
D:1:      amcnicky_arrival_choice, layout_loops_ring,
          dreamdust_ecumenical_altar_sealed_demon
D:2:      layout_loops_ring

Skill      XL: |  1  2 |
---------------+-------+-----
Axes           | 3 |  3.6
Fighting       | |  2.0
Throwing       | |  1.0
Armour         | |  1.1
Dodging        | |  2.1
Spellcasting   | |  2.0
Translocations | |  2.4

Action                   || total
-------------------------++-------
Melee: Hand axe          ||    41
       Peck              ||     7
       Kick              ||     4
Throw: Boomerang         ||     7
  Use: Scroll            ||     1
Armor: Leather armour    ||     2
       Plate armour      ||    18
Dodge: Dodged            ||    17

Table legend:
 A = Non-vault XP
 B = Vault XP
 C = Vault XP percentage of total XP
 D = Non-vault monster count
 E = Vault monster count
 F = Vault count percentage of total count
                 A         B        C        D         E       F
            +---------+---------+-------+---------+---------+-------
      Total |      30 |       0 |   0.0 |      19 |       0 |   0.0
            +---------+---------+-------+---------+---------+-------
        D:1 |      28 |       0 |   0.0 |      18 |       0 |   0.0
        D:2 |       2 |       0 |   0.0 |       1 |       0 |   0.0
            +---------+---------+-------+---------+---------+-------
